[Event "World Junior U20 Open 2018"]
[Site "Gebze"]
[Date "2018.09.07"]
[Round "3.59"]
[White "Noboa, Kevin"]
[Black "Macovei, Andrei"]
[Result "0-1"]
[ECO "E49"]
[WhiteElo "2256"]
[BlackElo "2385"]
[Annotator "NA"]
[PlyCount "106"]
[EventDate "2018.09.05"]
[EventType "swiss"]
[EventCountry "TUR"]
[SourceTitle "playchess.com"]
[Source "ChessBase"]
[SourceQuality "1"]
[TimeControl "40/5400+30:1800+30"]

1. d4 Nf6 2. c4 e6 3. Nc3 Bb4 4. e3 O-O 5. Bd3 d5 6. a3 Bxc3+ 7. bxc3 dxc4 8. Bxc4 c5 9. Ne2 Qc7 10. Ba2 Nbd7 (10... b6 $142) 11. O-O b6 {[%emt 0:00:00] E49: Nimzo-Indian: Rubinstein: 5 Bd3 d5 6 a3 Bxc3+ 7 bxc3} 12. f3 Ba6 13. Bb2 Rfd8 {[%emt 0:03:30] [#]} 14. Re1 $146 ({Predecessor:} 14. Rf2 Rac8 15. Qe1 Qb8 16. Rd1 cxd4 17. cxd4 Bc4 18. Bb1 Bb3 19. Rc1 b5 20. Rxc8 Rxc8 {1-0 (63) Granda Zuniga,J (2631)-Kogan,A (2563) Sort 2006}) 14... Qc6 15. Qb3 Rac8 16. Rac1 b5 17. Bb1 Nb6 18. Rcd1 Nc4 19. Bc1 e5 20. Bf5 Rb8 21. Kh1 e4 22. Bxe4 Nxe4 23. fxe4 Nd6 24. Ng3 Nxe4 25. Nxe4 Qxe4 26. Rf1 c4 27. Qb2 Bb7 28. Rf4 Qg6 29. Qf2 Be4 30. Bd2 Rd5 31. Rf1 Rf8 32. h4 Bd3 33. Rg1 Be4 34. Kh2 h5 35. Qg3 Qe6 36. Rgf1 f5 37. Qg5 Qe8 38. Qg3 Rf6 39. Qe1 Rg6 40. Rg1 Qe7 41. Bc1 a5 42. Qe2 Rg4 43. Rxg4 hxg4 $19 44. Qf2 Rd6 45. Rh1 Rh6 46. Kg1 b4 47. axb4 axb4 48. cxb4 Qxb4 49. Qd2 Qxd2 50. Bxd2 Ra6 51. Be1 Ra2 52. Rh2 Ra1 53. Kf1 g3 0-1

[Event "World Junior U20 Open 2018"]
[Site "Gebze"]
[Date "2018.09.07"]
[Round "3.60"]
[White "Murphy, Conor E"]
[Black "Rodrigue-Lemieux, Shawn"]
[Result "0-1"]
[ECO "B15"]
[WhiteElo "2357"]
[BlackElo "2250"]
[Annotator "NA"]
[PlyCount "62"]
[EventDate "2018.09.05"]
[EventType "swiss"]
[EventCountry "TUR"]
[SourceTitle "playchess.com"]
[Source "ChessBase"]
[SourceQuality "1"]
[TimeControl "40/5400+30:1800+30"]

1. e4 c6 2. d4 d5 3. Nd2 dxe4 4. Nxe4 Nf6 5. Nxf6+ exf6 6. c3 Bd6 7. Bd3 O-O 8. Ne2 Re8 9. Qc2 g6 10. h4 Nd7 11. h5 Nf8 12. Bh6 f5 {[%emt 0:08:30] B15: Caro-Kann (Flohr-Variante)} 13. O-O-O Be6 {[%emt 0:07:30] [#]} 14. Nf4 $146 ({Vorgänger:} 14. Kb1 b5 15. f3 Qd7 16. Nf4 Bxf4 17. Bxf4 a5 18. Ka1 Qd5 19. b3 a4 20. b4 a3 {1-0 (51) Savchenko,B (2602)-Annaberdiyev,B (2223) Kesan 2017}) 14... g5 15. g3 gxf4 16. gxf4 Qc7 17. Rdg1+ Ng6 18. Bxf5 $2 (18. Qd2 $11 {and White stays safe.}) 18... Bxf4+ 19. Kd1 $19 Bd5 20. Rh3 Bxh6 21. hxg6 Qf4 22. gxf7+ Kxf7 23. Rgg3 Rg8 24. Bxh7 Rg4 25. Bg6+ Kf6 26. Rh5 Bf3+ 27. Ke1 Rxg3 28. Rf5+ Kg7 29. Rxf4 Rg1+ 30. Kd2 Bxf4+ 31. Kd3 Bd1 0-1

[Event "World Junior U20 Open 2018"]
[Site "Gebze"]
[Date "2018.09.07"]
[Round "3.61"]
[White "Kamer, Kayra"]
[Black "Bashirli, Nail"]
[Result "1-0"]
[ECO "B56"]
[WhiteElo "2205"]
[BlackElo "2354"]
[Annotator "NA"]
[PlyCount "49"]
[EventDate "2018.09.05"]
[EventType "swiss"]
[EventCountry "TUR"]
[SourceTitle "playchess.com"]
[Source "ChessBase"]
[SourceQuality "1"]
[TimeControl "40/5400+30:1800+30"]

1. e4 c5 2. Nf3 d6 3. d4 cxd4 4. Nxd4 Nf6 5. Nc3 Nc6 6. h3 e6 7. g4 Be7 8. g5 Nd7 9. h4 Nde5 10. Be3 O-O 11. f4 Nxd4 12. Bxd4 Nc6 13. Be3 d5 14. exd5 exd5 $11 15. Nxd5 Re8 16. Kf2 Bf5 17. Bg2 Qa5 18. Qd2 Qxd2+ 19. Bxd2 Bxc2 20. Nxe7+ Rxe7 21. Rhe1 Rd7 22. Bc3 Ne7 23. Rac1 Bd3 24. Rcd1 Nf5 25. Bf1 1-0

[Event "World Junior U20 Open 2018"]
[Site "Gebze"]
[Date "2018.09.07"]
[Round "3.62"]
[White "Cirovic, Miroljub"]
[Black "Murzin, Volodar"]
[Result "1/2-1/2"]
[ECO "E88"]
[WhiteElo "2181"]
[BlackElo "2349"]
[Annotator "NA"]
[PlyCount "107"]
[EventDate "2018.09.05"]
[EventType "swiss"]
[EventCountry "TUR"]
[SourceTitle "playchess.com"]
[Source "ChessBase"]
[SourceQuality "1"]
[TimeControl "40/5400+30:1800+30"]

1. d4 Nf6 2. c4 g6 3. Nc3 Bg7 4. e4 O-O 5. f3 c6 6. Bd3 d6 7. Nge2 e5 8. d5 cxd5 9. cxd5 Nbd7 10. Be3 Nc5 11. Bc2 a5 12. a3 Bd7 13. b4 Na6 14. Rb1 axb4 15. axb4 Ne8 16. O-O Nec7 17. Qd2 Nb5 $14 18. Nxb5 Bxb5 19. Bd3 Nc7 20. Ra1 Qd7 21. Nc3 Rfc8 22. Nxb5 Nxb5 23. Qb2 Nd4 24. Rxa8 Rxa8 25. Ra1 Rf8 26. Rc1 Qd8 27. b5 Qb6 28. Kh1 h5 29. Qc3 Ra8 30. Ra1 Rxa1+ 31. Qxa1 Qc5 32. Qb2 Bf6 33. g3 h4 34. Kg2 Kg7 35. g4 g5 36. Qc1 Qxc1 37. Bxc1 Kf8 38. Bd2 Bd8 39. h3 Ke8 40. Kf2 Kd7 41. Bc3 Nb3 42. Bc2 Nd4 43. Bd3 Kc7 44. Ba5+ Kc8 45. Bb4 Bb6 46. Kg2 Kc7 47. Bd2 f6 48. Bc3 Nb3 49. Bc2 Nc5 50. Bb4 Nd7 51. Kf1 Nf8 52. Bd3 Ng6 53. Ke1 Nf4 54. Bf1 1/2-1/2

[Event "World Junior U20 Open 2018"]
[Site "Gebze"]
[Date "2018.09.07"]
[Round "3.63"]
[White "Tuncer, Tuna"]
[Black "Tuna, Alp"]
[Result "1-0"]
[ECO "B11"]
[WhiteElo "2342"]
[BlackElo "2253"]
[Annotator "NA"]
[PlyCount "59"]
[EventDate "2018.09.05"]
[EventType "swiss"]
[EventCountry "TUR"]
[SourceTitle "playchess.com"]
[Source "ChessBase"]
[SourceQuality "1"]
[TimeControl "40/5400+30:1800+30"]

1. e4 c6 2. Nc3 d5 3. Nf3 Nf6 4. e5 Ne4 5. Ne2 Qb6 6. d4 e6 7. Ng3 c5 8. Bd3 Nxg3 9. fxg3 Nc6 10. O-O h6 11. dxc5 Bxc5+ 12. Kh1 Bd7 13. c3 a5 14. Qe2 O-O-O 15. Bd2 Qc7 $18 ({Don't go for} 15... Qxb2 $2 16. Rfb1 $18) 16. b4 Bb6 17. Rfc1 Kb8 18. Rab1 g5 19. b5 Ne7 20. c4 g4 21. Nh4 Qc5 22. Qxg4 Ka7 23. Qe2 Rc8 24. Nf3 Qa3 25. Rc3 Qa4 26. Be3 Bxe3 27. Qxe3+ b6 28. Qc1 dxc4 29. Bc2 Qxa2 30. Ra3 1-0

[Event "World Junior U20 Open 2018"]
[Site "Gebze"]
[Date "2018.09.07"]
[Round "3.64"]
[White "Eren, Ataberk"]
[Black "Dedebas, Emre Emin"]
[Result "1-0"]
[ECO "E52"]
[WhiteElo "2180"]
[BlackElo "2334"]
[Annotator "NA"]
[PlyCount "105"]
[EventDate "2018.09.05"]
[EventType "swiss"]
[EventCountry "TUR"]
[SourceTitle "playchess.com"]
[Source "ChessBase"]
[SourceQuality "1"]
[TimeControl "40/5400+30:1800+30"]

1. d4 Nf6 2. c4 e6 3. Nc3 Bb4 4. e3 O-O 5. Bd3 d5 6. Nf3 b6 7. O-O Bb7 8. cxd5 exd5 9. a3 Bd6 10. Qc2 Re8 11. Nb5 Ne4 12. Nxd6 cxd6 13. Qb3 Re6 14. Bd2 Rg6 15. Be1 $16 Nd7 16. Rc1 Nf8 17. g3 Ne6 18. Nd2 Qg5 19. Kg2 Rh6 20. Qd1 Qf5 21. h4 Qf6 22. f3 Nxd2 23. Bxd2 Qe7 24. Qe1 Re8 25. Bb5 Rd8 26. Ba4 Ba6 27. Rh1 Nf8 28. Qf2 Re6 29. Rc3 Qf6 30. Bc6 Re7 31. Bxd5 Ne6 32. Rhc1 h6 33. b4 Nxd4 34. Rc7 Ne6 35. Bc3 Rxc7 36. Bxf6 Rxc1 37. Bxd8 Nxd8 38. Qb2 Rc7 39. g4 Ne6 40. Qd2 Rd7 41. Qc2 Re7 42. Qc6 Nc7 43. Be4 d5 44. Qd6 Re6 45. Qd8+ Re8 46. Qxc7 dxe4 47. f4 Be2 48. Kg3 h5 49. gxh5 Bxh5 50. Qxa7 b5 51. a4 bxa4 52. b5 a3 53. b6 1-0

[Event "World Junior U20 Open 2018"]
[Site "Gebze"]
[Date "2018.09.07"]
[Round "3.65"]
[White "Urazayev, Arystanbek"]
[Black "Ongut, Tamas Gunes"]
[Result "1/2-1/2"]
[ECO "C77"]
[WhiteElo "2333"]
[BlackElo "2121"]
[Annotator "NA"]
[PlyCount "66"]
[EventDate "2018.09.05"]
[EventType "swiss"]
[EventCountry "TUR"]
[SourceTitle "playchess.com"]
[Source "ChessBase"]
[SourceQuality "1"]
[TimeControl "40/5400+30:1800+30"]

1. e4 e5 2. Nf3 Nc6 3. Bb5 a6 4. Ba4 Nf6 5. d3 b5 6. Bb3 Be7 {[%emt 0:00:00] LiveBook: 874 Games} 7. Nc3 d6 8. a3 {[%emt 0:00:00] C77: Spanische Partie (Anderssen-Variante)} O-O 9. Nd5 Nxd5 (9... Na5 10. Ba2 Nxd5 11. Bxd5 c6 12. Ba2 Bf6 13. O-O Re8 14. b4 Nb7 15. c4 Be6 {½-½ (23) Rapport,R (2692)-Aronian,L (2785) Sharjah 2017}) 10. Bxd5 Bd7 11. h4 Rb8 12. Ng5 g6 $146 (12... Qe8 $14) ({Vorgänger:} 12... Bxg5 13. hxg5 g6 14. f4 exf4 15. Bxf4 Ne5 {1-0 (45) Karthikeyan,M (2578)-Gagare,S (2482) Tarvisio 2017}) 13. Qd2 Bxg5 14. hxg5 Ne7 15. Bb3 Be6 16. f4 Bxb3 17. cxb3 f5 $11 18. gxf6 Rxf6 19. f5 gxf5 20. Qg5+ Rg6 21. Qh5 f4 22. Qxh7+ Kf8 23. Bd2 Qe8 24. Rc1 Rc8 25. Ba5 c6 26. Kf1 Qf7 27. Qh8+ Qg8 28. Be1 Qxh8 29. Rxh8+ Rg8 30. Rh7 Rg7 31. Rh8+ Rg8 32. Rh7 Rg7 33. Rh8+ Rg8 1/2-1/2

[Event "World Junior U20 Open 2018"]
[Site "Gebze"]
[Date "2018.09.07"]
[Round "3.66"]
[White "Petkov, Momchil"]
[Black "Tasdogen, Dincer"]
[Result "1-0"]
[ECO "B15"]
[WhiteElo "2163"]
[BlackElo "2329"]
[Annotator "NA"]
[PlyCount "167"]
[EventDate "2018.09.05"]
[EventType "swiss"]
[EventCountry "TUR"]
[SourceTitle "playchess.com"]
[Source "ChessBase"]
[SourceQuality "1"]
[TimeControl "40/5400+30:1800+30"]

1. e4 g6 2. d4 Bg7 3. Be3 c6 4. Nc3 d5 5. Qd2 Nf6 6. f3 {[%emt 0:04:30] B15: Caro-Kann (Flohr-Variante)} (6. e5 Ng4 7. Bf4 h5 8. Bd3 Nh6 9. Nf3 Bf5 10. O-O Bxd3 11. Qxd3 e6 12. Bg5 Qb6 13. Nh4 Nf5 14. Nxf5 exf5 15. Rfe1 Na6 {1-0 (41) Kumala,A (2220)-Piesik,P (2374) Katowice 2017}) 6... dxe4 7. Nxe4 Nxe4 8. fxe4 e5 9. Nf3 exd4 10. O-O-O c5 11. Bh6 O-O 12. h4 Bg4 13. Bc4 $146 ({Vorgänger:} 13. Be2 Nc6 {½-½ (45) Eibl,M (2087)-Hofstetter,H (2128) Immenstadt 2009}) 13... Nc6 14. Rdf1 Rb8 15. h5 gxh5 16. Nh4 Ne7 $2 (16... Ne5 $1 $11 {and Black has nothing to worry.} 17. Bd5 Kh8) 17. Bxg7 Kxg7 18. Qg5+ Ng6 19. Nf5+ Kh8 20. Qh6 Qf6 21. Rf4 Bxf5 22. exf5 Qg7 23. Qxg7+ Kxg7 24. fxg6 hxg6 25. Re1 b5 26. Bd5 f5 27. Re7+ Kf6 28. Re6+ Kg5 29. Rf3 h4 30. Ra3 Rfe8 31. Rxa7 Rxe6 32. Bxe6 Kf4 33. Rg7 Kg5 34. Rc7 Re8 35. Rc6 Re7 36. Kd2 c4 37. Bd5 Rh7 38. a4 c3+ 39. bxc3 dxc3+ 40. Rxc3 bxa4 41. Ra3 Ra7 42. Ke3 Kg4 43. Kd4 Kf4 44. c4 g5 45. Kc5 g4 46. Kb6 Rd7 47. Rxa4 Kg3 48. Ra3+ Kh2 49. Kc6 Rg7 50. Kd6 f4 51. c5 f3 52. gxf3 g3 53. f4 h3 54. c6 g2 55. Ra2 Kg3 56. Bxg2 hxg2 57. Rxg2+ Kxg2 58. c7 Rg8 59. f5 Rf8 60. Ke6 Rc8 61. Kd7 Rf8 62. c8=Q Rxf5 63. Qc2+ Rf2 64. Qe4+ Kg3 65. Ke6 Rf4 66. Qe3+ Rf3 67. Qg5+ Kf2 68. Ke5 Re3+ 69. Kf4 Rf3+ 70. Ke4 Rg3 71. Qd2+ Kg1 72. Kf4 Rh3 73. Qe1+ Kg2 74. Qe2+ Kg1 75. Kg4 Rh2 76. Qd1+ Kg2 77. Qd6 Kg1 78. Qd4+ Kg2 79. Qe4+ Kf2 80. Qf4+ Kg2 81. Qe5 Kg1 82. Kg3 Rg2+ 83. Kh3 Rf2 84. Qe1+ 1-0

[Event "World Junior U20 Open 2018"]
[Site "Gebze"]
[Date "2018.09.07"]
[Round "3.67"]
[White "Sevgi, Volkan"]
[Black "Maltezeanu, Stefan"]
[Result "1-0"]
[ECO "B26"]
[WhiteElo "2323"]
[BlackElo "2089"]
[Annotator "NA"]
[PlyCount "65"]
[EventDate "2018.09.05"]
[EventType "swiss"]
[EventCountry "TUR"]
[SourceTitle "playchess.com"]
[Source "ChessBase"]
[SourceQuality "1"]
[TimeControl "40/5400+30:1800+30"]

1. e4 c5 2. Nc3 Nc6 3. g3 g6 4. Bg2 Bg7 5. d3 d6 6. Be3 Nf6 7. h3 O-O 8. Nge2 Rb8 9. f4 Bd7 10. O-O b5 11. Qd2 b4 {[%emt 0:00:00] B26: Closed Sicilian: 3 g3, lines with early Be3} 12. Nd1 Qc8 13. f5 Ne5 14. g4 c4 $146 ({Predecessor:} 14... h5 15. gxh5 Nxh5 16. Bh6 f6 17. Bxg7 Nxg7 18. fxg6 Nxg6 19. Rf3 {0-1 (39) Armas,J (2415)-Groszpeter,A (2480) Cienfuegos 1980}) 15. Bxa7 Ra8 16. Bf2 cxd3 17. cxd3 b3 18. Ne3 Rxa2 19. g5 (19. Nc3 $16) 19... Nh5 20. d4 Nc4 21. Nxc4 Qxc4 22. Rac1 Qa6 23. Nc3 Ra5 $16 24. Bf3 Rc8 25. Bxh5 gxh5 26. Be3 Bf8 27. Qd1 Qb7 28. d5 f6 29. Qxh5 fxg5 30. Qxg5+ Bg7 31. Bd4 e5 32. fxe6 Be8 33. Rf7 1-0

[Event "World Junior U20 Open 2018"]
[Site "Gebze"]
[Date "2018.09.07"]
[Round "3.68"]
[White "Kwon, Sehyun"]
[Black "Agibileg, Uurtsaikh"]
[Result "0-1"]
[ECO "B40"]
[WhiteElo "2129"]
[BlackElo "2321"]
[Annotator "NA"]
[PlyCount "62"]
[EventDate "2018.09.05"]
[EventType "swiss"]
[EventCountry "TUR"]
[SourceTitle "playchess.com"]
[Source "ChessBase"]
[SourceQuality "1"]
[TimeControl "40/5400+30:1800+30"]

1. e4 c5 2. Nf3 e6 3. b3 Nf6 4. e5 Nd5 {[%emt 0:01:30] LiveBook: 265 Games} 5. Bb2 d6 6. c4 Nb4 7. a3 N4c6 8. Be2 (8. exd6 $1 $11 e5 9. Nc3 (9. Nxe5 Bxd6 10. Nf3 O-O $11)) 8... Nd7 $11 9. exd6 e5 10. b4 Bxd6 11. bxc5 Bxc5 12. Nc3 O-O 13. Na4 e4 14. Ng1 Bd4 15. Nh3 Bxb2 16. Nxb2 Nc5 17. Na4 Nxa4 18. Qxa4 Bxh3 19. gxh3 Nd4 20. Rg1 Nxe2 21. Kxe2 Qd3+ 22. Ke1 Qxh3 23. Qb5 Qxh2 24. Rxg7+ Kh8 25. Qb2 f6 26. Qxb7 Rg8 27. Rb1 Qh1+ 28. Ke2 Qh5+ 29. Kf1 Rxg7 30. Qxa8+ Rg8 31. Rb8 Qd1# 0-1

[Event "World Junior U20 Open 2018"]
[Site "Gebze"]
[Date "2018.09.07"]
[Round "3.69"]
[White "Gulbeyaz, Emir"]
[Black "De Block, Yordi"]
[Result "1/2-1/2"]
[ECO "D35"]
[WhiteElo "2285"]
[BlackElo "2118"]
[Annotator "NA"]
[PlyCount "133"]
[EventDate "2018.09.05"]
[EventType "swiss"]
[EventCountry "TUR"]
[SourceTitle "playchess.com"]
[Source "ChessBase"]
[SourceQuality "1"]
[TimeControl "40/5400+30:1800+30"]

1. Nf3 d5 2. d4 Nf6 3. c4 e6 4. cxd5 exd5 5. Nc3 $11 c6 6. Qc2 Bd6 7. Bg5 Bg4 8. Ne5 Bh5 9. e3 Nbd7 10. f4 Be7 11. h3 Nxe5 12. dxe5 Ne4 13. Bxe7 Qxe7 14. Nxe4 Bg6 15. f5 Bxf5 16. Nd6+ Qxd6 17. Qxf5 Qb4+ 18. Kf2 Qxb2+ 19. Be2 Qb6 20. Rab1 Qc7 21. Rb4 O-O 22. Rh4 g6 23. Qg5 Rae8 24. Qh6 f6 25. exf6 Rxf6+ 26. Bf3 Rf7 27. Rg4 Qa5 28. Re1 Qxa2+ 29. Re2 Qa1 30. h4 Re5 31. h5 Qh1 32. Rf4 Ref5 33. Rxf5 Rxf5 34. e4 Qh4+ 35. Kg1 Rg5 36. Rf2 Qf4 37. Kf1 Qc1+ 38. Ke2 d4 39. Bg4 d3+ 40. Kxd3 Rd5+ 41. exd5 Qxh6 42. Be6+ Kh8 43. d6 Qg5 44. d7 Qg3+ 45. Rf3 Qd6+ 46. Kc2 Qc5+ 47. Kd2 Qg5+ 48. Ke2 Qxg2+ 49. Ke3 Qg5+ 50. Ke4 Kg7 51. Rf7+ Kh6 52. Rf8 Qg2+ 53. Ke5 Qb2+ 54. Kd6 Qa3+ 55. Kc7 Qxf8 56. hxg6 hxg6 57. d8=Q Qxd8+ 58. Kxd8 c5 59. Kc7 b5 60. Kc6 a6 61. Kxc5 g5 62. Kb6 b4 63. Ka5 g4 64. Kxb4 g3 65. Bd5 a5+ 66. Kxa5 g2 67. Bxg2 1/2-1/2

[Event "World Junior U20 Open 2018"]
[Site "Gebze"]
[Date "2018.09.07"]
[Round "3.70"]
[White "Vanczak, Tamas"]
[Black "Ozsakallioglu, Okan"]
[Result "1/2-1/2"]
[ECO "B45"]
[WhiteElo "2276"]
[BlackElo "1955"]
[Annotator "NA"]
[PlyCount "75"]
[EventDate "2018.09.05"]
[EventType "swiss"]
[EventCountry "TUR"]
[SourceTitle "playchess.com"]
[Source "ChessBase"]
[SourceQuality "1"]
[TimeControl "40/5400+30:1800+30"]

1. e4 c5 2. Nf3 e6 3. d4 cxd4 4. Nxd4 Nc6 5. Nc3 Nf6 6. Nxc6 bxc6 7. e5 Nd5 8. Ne4 Qc7 9. f4 Qa5+ 10. c3 Be7 11. Bd3 {[%emt 0:01:30] B45: Sicilian Four Knights} f5 12. exf6 Nxf6 13. O-O Ba6 14. Nxf6+ Bxf6 15. Bxa6 Qxa6 {[%emt 0:00:00] [#]} 16. f5 $146 ({Predecessor:} 16. Be3 Qb5 17. Rf2 d5 18. Qg4 Kf7 {1-0 (41) Grischuk,A (2763)-Andreikin,D (2715) Moscow 2012}) 16... O-O 17. fxe6 dxe6 18. Be3 Qb5 19. Qc2 Bg5 20. Bxg5 Qxg5 21. Qe2 Qd5 22. c4 Qc5+ 23. Kh1 e5 24. h3 Rxf1+ 25. Rxf1 Rf8 26. Rd1 h6 27. b3 Rf6 28. Qe4 Rd6 29. Rf1 Qd4 $11 30. Qxd4 exd4 31. Kg1 c5 32. Rf5 Ra6 33. Rxc5 Rxa2 34. Rd5 Rb2 35. Rxd4 Rxb3 36. Rd8+ Kh7 37. Kf2 a5 38. Ra8 1/2-1/2

[Event "World Junior U20 Open 2018"]
[Site "Gebze"]
[Date "2018.09.07"]
[Round "3.71"]
[White "Dionizio, Andre Filipe Nascim"]
[Black "Kilic, Efe Mert"]
[Result "0-1"]
[ECO "C62"]
[WhiteElo "2010"]
[BlackElo "2269"]
[Annotator "NA"]
[PlyCount "116"]
[EventDate "2018.09.05"]
[EventType "swiss"]
[EventCountry "TUR"]
[SourceTitle "playchess.com"]
[Source "ChessBase"]
[SourceQuality "1"]
[TimeControl "40/5400+30:1800+30"]

1. e4 e5 2. Nf3 Nc6 3. Bb5 Nge7 4. Nc3 d6 5. d4 exd4 6. Nxd4 Bd7 7. Nxc6 {[%emt 0:09:30] C62: Ruy Lopez: Steinitz Defence} bxc6 $146 ({Predecessor:} 7... Bxc6 8. Bc4 Ng6 9. Qd4 Ne5 10. Bb3 Qf6 11. Be3 Ng4 12. Qd2 Nxe3 13. fxe3 Qg6 14. O-O f6 {1-0 (25) Olszewski,M (2556)-Kubien,J (2218) Poronin 2013}) 8. Bc4 Ng6 9. Be3 Be7 10. Qd2 Ne5 11. Be2 O-O 12. O-O Be6 13. f4 Nc4 14. Bxc4 Bxc4 15. Rfe1 Bh4 16. g3 Bf6 17. Rad1 Re8 18. Bd4 Be6 19. Bxf6 Qxf6 20. Qd4 $11 Qh6 21. f5 Bd7 22. Rf1 Re5 23. Rf4 Qf6 24. Qf2 Qd8 25. Qf3 Qb8 26. b3 Qb4 27. h4 Rae8 28. Rd3 Bc8 29. Qf2 Qa5 30. Qd2 f6 31. Kh2 Ba6 32. Rd4 Bb7 33. Ra4 Qb6 34. Qf2 c5 35. b4 cxb4 36. Qxb6 axb6 37. Rxb4 Rc5 38. Rb3 Rc4 39. Kg2 Re5 40. Kf2 Rec5 41. Rf3 Bxe4 42. Nxe4 Rxe4 43. c3 Ra4 44. a3 Rca5 45. Ke3 Rxa3 46. Rxa3 Rxa3 47. Kd4 Ra5 48. c4 h5 49. Ke4 Re5+ 50. Kd4 Kf7 51. Ra3 Rxf5 52. Ra7 Rc5 53. Rb7 Ke6 54. Rb8 Kf5 55. Rg8 g5 56. hxg5 fxg5 57. Re8 Kg4 58. Re3 Rf5 0-1

[Event "World Junior U20 Open 2018"]
[Site "Gebze"]
[Date "2018.09.07"]
[Round "3.72"]
[White "Kilic, Gokturk Kagan"]
[Black "Pigeat, Alexandre"]
[Result "1/2-1/2"]
[ECO "C16"]
[WhiteElo "1910"]
[BlackElo "2347"]
[Annotator "NA"]
[PlyCount "127"]
[EventDate "2018.09.05"]
[EventType "swiss"]
[EventCountry "TUR"]
[SourceTitle "playchess.com"]
[Source "ChessBase"]
[SourceQuality "1"]
[TimeControl "40/5400+30:1800+30"]

1. e4 e6 2. d4 d5 3. Nc3 Bb4 4. e5 Ne7 5. a3 Bxc3+ 6. bxc3 b6 7. Qg4 Ng6 8. h4 h5 9. Qd1 Ba6 10. Bxa6 Nxa6 11. Bg5 Qd7 12. Ne2 {[%emt 0:06:30] C16: French: 3 Nc3 Bb4 4 e5: Lines without ...c5} Ne7 13. Qd3 $146 ({Predecessor:} 13. Nf4 g6 14. Bf6 Rg8 15. Qd3 Qa4 16. O-O Rc8 17. Rfd1 c6 18. f3 Kd7 19. g4 hxg4 20. fxg4 {1-0 (83) Bosiocic,M (2602)-Movsesian,S (2679) Moscow 2017}) 13... Nb8 14. Qf3 Nbc6 15. Nf4 g6 16. Bf6 Rg8 17. Nh3 Nf5 18. Ng5 Na5 19. Qd3 Qa4 20. g4 hxg4 21. h5 gxh5 22. Rxh5 Qc4 23. Rh7 Rf8 24. Ke2 c5 25. Qxc4 Nxc4 26. dxc5 bxc5 27. Rah1 g3 28. Rg1 gxf2 29. Kxf2 Nb6 30. Ke2 Nd7 31. Kd2 Rb8 32. Rgh1 Nxf6 33. exf6 Nd6 34. Rg7 e5 35. Rhh7 Rb7 36. Ne6 fxe6 37. Rxb7 Nxb7 38. Re7+ Kd8 39. Rxb7 Rxf6 40. Rxa7 Rf2+ 41. Kd1 Rf3 42. Kd2 d4 43. cxd4 exd4 44. a4 e5 45. Rh7 e4 46. Rh5 Rc3 47. a5 Kc7 48. Rh6 $19 c4 49. Re6 e3+ 50. Kd1 Kb7 51. Rb6+ Kc7 52. Re6 Ra3 53. Re4 Kc6 54. Rxd4 Kc5 55. Re4 Kb4 56. a6 Rxa6 57. Rxe3 Ra1+ 58. Kd2 Rh1 59. Re8 Rh2+ 60. Kc1 Kc3 61. Re3+ Kd4 62. Re8 Rh3 63. Kb2 Rh7 64. Rd8+ 1/2-1/2

[Event "World Junior U20 Open 2018"]
[Site "Gebze"]
[Date "2018.09.07"]
[Round "3.73"]
[White "Wadsworth, Matthew J"]
[Black "Caglar, Ahmet Ata"]
[Result "1-0"]
[ECO "A29"]
[WhiteElo "2351"]
[BlackElo "2071"]
[Annotator "NA"]
[PlyCount "67"]
[EventDate "2018.09.05"]
[EventType "swiss"]
[EventCountry "TUR"]
[SourceTitle "playchess.com"]
[Source "ChessBase"]
[SourceQuality "1"]
[TimeControl "40/5400+30:1800+30"]

1. g3 e5 2. c4 Nf6 3. Bg2 d5 4. cxd5 Nxd5 5. Nc3 Nb6 6. Nf3 Nc6 7. O-O Be7 8. a3 O-O 9. b4 Be6 10. Rb1 f6 11. d3 Qd7 12. Ne4 Nd5 13. Bb2 a5 14. Nc5 Bxc5 15. bxc5 a4 16. Ba1 $11 Na5 17. e4 Ne7 18. d4 exd4 19. Nxd4 Bc4 20. Re1 Nb3 21. Qc2 Bf7 22. Red1 Rfd8 23. e5 fxe5 24. c6 Qe8 25. cxb7 Rab8 26. Nxb3 axb3 27. Qxc7 Nd5 28. Qxe5 Qxe5 29. Bxe5 Rxb7 30. Rd3 Rbd7 31. Rbxb3 Nf6 32. Rxd7 Rxd7 33. Rb8+ Ne8 34. Bc6 1-0

[Event "World Junior U20 Open 2018"]
[Site "Gebze"]
[Date "2018.09.07"]
[Round "3.74"]
[White "Cansun, Can Alp"]
[Black "Hollan, Martin"]
[Result "1/2-1/2"]
[ECO "B32"]
[WhiteElo "2110"]
[BlackElo "2336"]
[Annotator "NA"]
[PlyCount "160"]
[EventDate "2018.09.05"]
[EventType "swiss"]
[EventCountry "TUR"]
[SourceTitle "playchess.com"]
[Source "ChessBase"]
[SourceQuality "1"]
[TimeControl "40/5400+30:1800+30"]

1. e4 c5 2. Nf3 Nc6 3. d4 cxd4 4. Nxd4 e5 5. Nb5 a6 6. Nd6+ Bxd6 7. Qxd6 Qe7 8. Qc7 {[%emt 0:00:30] B32: Sicilian: Löwenthal and Kalashnikov Variations} (8. Qd1 Nf6 9. Nc3 d6 10. Bg5 Be6 11. Nd5 Bxd5 12. exd5 Nb8 13. Qf3 Nbd7 14. O-O-O h6 15. Be3 h5 16. h3 O-O-O 17. Ba7 Nc5 {1-0 (80) Yu,Y (2759)-Li,C (2725) Ningbo 2018}) 8... d5 9. Qxe7+ Ngxe7 10. exd5 Nxd5 11. c3 O-O 12. Na3 $146 ({Predecessor:} 12. Nd2 Bf5 13. Nc4 Rad8 14. Ne3 Be6 15. Nxd5 Bxd5 {1-0 (23) Berenyi,T (2070)-Palinkas,E Hungary 1994}) 12... Be6 13. Be2 Rfd8 14. g3 Rd7 15. O-O Rad8 16. Nc4 b5 17. Ne3 Nb6 18. b3 e4 19. a4 bxa4 20. bxa4 a5 21. Ba3 Ne5 22. Bc5 Nbc4 23. Nxc4 Bxc4 24. Bxc4 Nxc4 25. Rfb1 h6 26. Rb5 Rd1+ 27. Rxd1 Rxd1+ 28. Kg2 Ra1 29. Rb8+ Kh7 30. Re8 f5 31. Bd4 Rxa4 32. Re7 Kg8 33. Rxg7+ Kf8 34. Rg6 Ra2 35. Kh3 Ke7 36. Rxh6 a4 37. Rc6 Nd2 38. Rc5 Nb3 39. Rxf5 a3 40. Bh8 Rd2 41. c4 $11 a2 42. Re5+ Kf7 43. Rxe4 a1=Q 44. Bxa1 Nxa1 45. f4 Nb3 46. g4 Nc5 47. Re5 Ne6 48. Re4 Nc5 49. Re5 Ne6 50. Kg3 Rd3+ 51. Kf2 Rd2+ 52. Kg3 Rd3+ 53. Kh4 Kf6 54. g5+ Kf7 55. Kg4 Rd4 56. Rf5+ Kg8 57. Rf6 Nc5 58. h4 Nd7 59. Rf5 Rxc4 60. Rd5 Nf8 61. h5 Ne6 62. Rf5 Rc1 63. Rf6 Ng7 64. h6 Rg1+ 65. Kf3 Nh5 66. h7+ Kh8 67. Rh6 Ng7 68. g6 Nf5 69. Rh5 Ng7 70. Rh6 Nf5 71. Rh5 Ng7 72. Rg5 Rxg5 73. fxg5 Ne6 74. Kg4 Kg7 75. Kf5 Nf8 76. h8=Q+ Kxh8 77. Kf6 Kg8 78. g7 Nd7+ 79. Kg6 Ne5+ 80. Kf6 Nd7+ 1/2-1/2

[Event "World Junior U20 Open 2018"]
[Site "Gebze"]
[Date "2018.09.07"]
[Round "3.75"]
[White "Zhu, Yi"]
[Black "Lin, Peisen"]
[Result "0-1"]
[ECO "D02"]
[WhiteElo "2335"]
[BlackElo "2034"]
[Annotator "NA"]
[PlyCount "36"]
[EventDate "2018.09.05"]
[EventType "swiss"]
[EventCountry "TUR"]
[SourceTitle "playchess.com"]
[Source "ChessBase"]
[SourceQuality "1"]
[TimeControl "40/5400+30:1800+30"]

1. Nc3 d5 2. Nf3 Nf6 3. d4 Bf5 4. Bf4 e6 5. e3 c5 6. Bd3 Bxd3 7. Qxd3 cxd4 8. exd4 Nc6 9. Ne5 Be7 10. O-O-O O-O 11. h4 Qa5 12. Kb1 (12. Nxc6 $11 bxc6 13. h5) 12... Rfc8 13. Qf3 Nb4 14. a3 Nc6 15. Rd3 $17 (15. Bg5 $11) 15... b5 16. g4 b4 17. axb4 Nxb4 18. Re3 Ne4 0-1